 Dungeon Crawl Stone Soup version 0.20.0 (webtiles) character file.

112 Covfefe the Slasher (level 4, -1/35 HPs)
             Began as a Barachi Skald on June 4, 2017.
             Slain by Natasha (9 damage)
             ... on level 2 of the Dungeon on June 6, 2017.
             The game lasted 00:09:43 (2460 turns).

Covfefe the Slasher (Barachi Skald)                 Turns: 2460, Time: 00:09:44

Health: -1/35      AC:  3    Str: 12    XL:     4   Next: 93%
Magic:  5/7        EV: 12    Int: 18    God:
Gold:   76         SH:  0    Dex: 13    Spells: 5/8 levels left

rFire    . . .     SeeInvis .   g - +1 dagger (venom)
rCold    . . .     Gourm    .   (no shield)
rNeg     . . .     Faith    .   b - +0 leather armour
rPois    .         Spirit   .   (no helmet)
rElec    .         Reflect  .   (no cloak)
rCorr    .         Harm     .   (no gloves)
MR       .....                  (no boots)
Stlth    +.........             (no amulet)
Regen    0.2/turn               (no ring)
MPRegen  0.1/turn               (no ring)

@: brilliant, infused (expiring), singing, slowed, very slow
A: +LOS, swims, slowness 1, strong legs 1
a: Hop


You were on level 2 of the Dungeon.
You were not hungry.

You visited 1 branch of the dungeon, and saw 3 of its levels.

You collected 76 gold pieces.

Inventory:

Hand Weapons
 a - a +0 falchion
 e - a +3 short sword
 f - a +0 mace of holy wrath
 g - a +1 dagger of venom (weapon)
Armour
 b - a +0 leather armour (worn)
Scrolls
 h - a scroll of magic mapping {unknown}
 i - a scroll of remove curse {unknown}
 j - 2 scrolls of teleportation
 l - a scroll of enchant weapon {unknown}
Books
 c - a book of Battle

   Spells                             Type                      Level
   a - Infusion                       Charms                       1
   b - Shroud of Golubria             Charms/Translocation         2
   c - Song of Slaying                Charms                       2
   d - Spectral Weapon                Hexes/Charms                 3
   e - Regeneration                   Charms/Necromancy            3
Comestibles
 d - a bread ration
 k - a royal jelly
 n - a fruit
 o - a chunk of flesh
 p - a meat ration


   Skills:
 * Level 3.5 Fighting
 * Level 3.9 Long Blades
 * Level 2.1 Armour
 + Level 2.5 Dodging
 + Level 0.2 Stealth
 + Level 2.5 Spellcasting
 * Level 3.7 Charms


You had 5 spell levels left.
You knew the following spells:

 Your Spells              Type           Power        Failure   Level  Hunger
a - Infusion              Chrm           ####         1%          1    #......
b - Song of Slaying       Chrm           ####....     1%          2    ##.....


Dungeon Overview and Level Annotations

Branches:
Dungeon (3/15)

Altars:
Kikubaaqudgha
Yredelemnul

Annotations:
D:2 1 transporter, Menkaure, Natasha
D:3 Grinder


Innate Abilities, Weirdness & Mutations

Shadows flee at your approach. (+LOS)
You can swim through water.
You cover ground slowly.
You can hop short distances.


Message History

You feel yourself slow down.
It was a potion of brilliance.
You feel clever all of a sudden.
You feel sick. Natasha claws you.
Wield which item (- for none, * to show all)? (? for menu, Esc to quit)
Your +1 dagger of venom begins to drip with poison!
g - a +1 dagger of venom (weapon)
Natasha stares at you and mumbles some strange words.
The magic dart hits you!
You closely miss Natasha. Natasha claws you.
* * * LOW HITPOINT WARNING * * *
You feel sick. Natasha misses you. Natasha misses you.
You feel sick.
You are no longer poisoned.
Natasha closely misses you.
Your magical infusion is running out.
Natasha misses you. Natasha claws you!
You die...

'###......#.## #.# #........#
..........#..###.# #........#
...............#.####........###
...............'.w.S............
......#........#.####...........
############..##S# ####..######
#....#S# ..####### #....#h#
..#.....# #....#@# ..+.....#
#....#.# .##.....# #....#)#
####+##.....# #....#.#
#...........#
#......####......#'#...
#................#.#.##
#.....########'#.#.#.##
#####..#######.#.#...#.
##...........#.....


You could see a worm, Natasha, an adder and a ball python.

Vanquished Creatures
  Jessica (D:3)
  3 gnolls (D:2)
  An adder (D:2)
  3 dart slugs
  An orc (D:2)
  4 bats
  A giant cockroach (D:2)
  2 goblins (D:2)
  5 hobgoblins
  2 jackals (D:1)
  7 kobolds
  A quokka (D:2)
  5 frilled lizards
  7 rats
43 creatures vanquished.

Notes
Turn   | Place    | Note
-------+----------+-------------------------------------------
     0 | D:1      | Covfefe the Barachi Skald began the quest for the Orb.
     0 | D:1      | Reached XP level 1. HP: 17/17 MP: 3/3
   198 | D:1      | Reached XP level 2. HP: 11/23 MP: 0/5
   616 | D:1      | Learned a level 2 spell: Song of Slaying
   698 | D:2      | Found an ancient bone altar of Kikubaaqudgha.
   698 | D:2      | Found a basalt altar of Yredelemnul.
   699 | D:2      | Noticed Menkaure
   756 | D:2      | Reached XP level 3. HP: 19/29 MP: 2/6
  1086 | D:3      | Noticed Jessica
  1110 | D:3      | Killed Jessica
  1110 | D:3      | Reached XP level 4. HP: 11/35 MP: 2/7
  1248 | D:3      | Noticed Grinder
  1251 | D:3      | Paralysed by Grinder for 2 turns
  1264 | D:3      | Paralysed by Grinder for 6 turns
  1270 | D:3      | HP: 1/35 [Grinder/nerve-wracking pain (4)]
  2439 | D:2      | Noticed Natasha
  2460 | D:2      | Slain by Natasha

Skill      XL: |  1  2  3  4 |
---------------+-------------+-----
Fighting       | 3 |  3.5
Long Blades    | 3 |  3.9
Armour         | 2 |  2.1
Dodging        | |  2.5
Stealth        | |  0.2
Spellcasting   | |  2.5
Charms         | |  3.7

Action                   |  1- 3 |  4- 6 || total
-------------------------+-------+-------++-------
Melee: Falchion          |    81 |    72 ||   153
       Dagger            |       |     1 ||     1
 Cast: Infusion          |     4 |     2 ||     6
       Song of Slaying   |     2 |     4 ||     6
 Abil: Hop               |     1 |       ||     1
  Use: Scroll            |     2 |       ||     2
       Potion            |     3 |     1 ||     4
 Stab: Sleeping          |       |     1 ||     1
  Eat: Fruit             |     1 |       ||     1
       Bread ration      |       |     1 ||     1
       Chunk             |       |     1 ||     1
Armor: Leather armour    |    39 |    18 ||    57
Dodge: Dodged            |    84 |    58 ||   142
       Rpst.: Falchion   |    29 |    20 ||    49
